 Dungeon Crawl Stone Soup version 0.24-a0-317-g5cb8de4b22 (webtiles) character file.

Game seed: 10015105569665327454

62 petercordia6 the Magician (level 4, -1/32 HPs)
             Began as a Gnoll Wizard on May 16, 2019.
             Slain by Sigmund
             ... wielding a +0 scythe
              (13 damage)
             ... on level 2 of the Dungeon.
             The game lasted 00:05:36 (1853 turns).

petercordia6 the Magician (Gnoll Wizard)            Turns: 1853, Time: 00:05:37

Health: -1/32      AC:  4    Str:  9    XL:     4   Next: 8%
Magic:  1/13       EV: 14    Int: 22    God:
Gold:   56         SH:  0    Dex: 13    Spells: 6/17 levels left

rFire    . . .     SeeInvis .   a - +0 dagger
rCold    . . .     Gourm    .   (no shield)
rNeg     . . .     Faith    .   i - +0 robe
rPois    .         Spirit   .   f - +1 helmet
rElec    .         Reflect  .   (no cloak)
rCorr    .         Harm     .   (no gloves)
MR       .....                  (no boots)
Stlth    +++.......             (no amulet)
HPRegen  0.10/turn              (no ring)
MPRegen  0.13/turn              (no ring)

@: no status effects
A: distributed training, fangs 1, strong nose
a: no special abilities


You were on level 2 of the Dungeon.
You were hungry.

You visited 1 branch of the dungeon, and saw 2 of its levels.

You collected 56 gold pieces.

Inventory:

Hand Weapons
 a - a +0 dagger (weapon)
Missiles
 b - 18 sling bullets
 h - a throwing net (quivered)
 j - 65 stones
Armour
 f - a +1 helmet (worn)
 i - a +0 robe (worn)
Scrolls
 c - 3 scrolls of identify {unknown}
 n - a scroll of fog {unknown}
 o - a scroll of magic mapping {unknown}
Potions
 e - a potion of mutation {unknown}
 g - 2 potions of magic {unknown}
 k - a potion of flight {unknown}
 l - a potion of heal wounds {unknown}
Comestibles
 d - 4 rations


   Skills:
 + Level 1.0 Fighting
 + Level 1.0 Short Blades
 + Level 1.0 Long Blades
 + Level 1.0 Axes
 + Level 1.0 Maces & Flails
 + Level 1.0 Polearms
 + Level 1.0 Staves
 + Level 1.0 Slings
 + Level 1.0 Bows
 + Level 1.0 Crossbows
 + Level 1.0 Throwing
 + Level 1.0 Armour
 + Level 4.6 Dodging
 + Level 4.2 Stealth
 + Level 1.0 Shields
 + Level 1.0 Unarmed Combat
 + Level 7.2 Spellcasting
 + Level 2.2 Conjurations
 + Level 0.7 Hexes
 + Level 0.7 Charms
 + Level 2.2 Summonings
 + Level 0.7 Necromancy
 + Level 2.2 Translocations
 + Level 0.7 Transmutations
 + Level 0.7 Fire Magic
 + Level 0.7 Ice Magic
 + Level 0.7 Air Magic
 + Level 0.7 Earth Magic
 + Level 0.7 Poison Magic
 + Level 1.1 Invocations
 + Level 1.0 Evocations


You had 6 spell levels left.
You knew the following spells:

 Your Spells              Type           Power        Failure   Level  Hunger
a - Magic Dart            Conj           ###.         3%          1    None
b - Blink                 Tloc           N/A          4%          2    None
c - Call Imp              Summ           ###.....     4%          2    None
d - Conjure Flame         Conj/Fire      ##......     13%         3    None
e - Mephitic Cloud        Conj/Pois/Air  ##......     14%         3    None

Your spell library contained the following spells:

 Spells                   Type           Power        Failure   Level  Hunger
 Slow                     Hex            ##......     9%          2    None


Dungeon Overview and Level Annotations

Branches:
Dungeon (2/15)

Altars:

Annotations:
D:2 Sigmund, Terence


Innate Abilities, Weirdness & Mutations

Your experience applies equally to all skills.
You have very sharp teeth.
Your uncanny sense of smell can sniff out nearby items.


Message History

A beastly little devil appears in a puff of flame.
The rat bites your iron imp but does no damage.
Unknown command.
Casting: Call Imp (safe; 4% risk of failure)
Confirm with . or Enter, or press ? or * to list all spells.
You don't have enough magic to cast that spell.
Unknown command.
Your iron imp hits the rat!
The rat dies!
You swap places.
You hit Sigmund.
Sigmund is lightly wounded.
Sigmund covers his eyes.
Sigmund closely misses you.
You hit Sigmund but do no damage.
Sigmund is lightly wounded.
You hit Sigmund.
Sigmund is lightly wounded.
Sigmund hits you with a +0 scythe!
You die...

.....#####<.#.#######....
..#....................†
.......................
.<...................†
###.##########.#####†# ∆ #
#.....# #.# #.....# #.#
#.....# #.# ####### #...5@#
#@# ......######...5@# #.# ∆
......#....#.....###.#
......#....#......##.#
......#....######.##.#
......#....######.##.#####.
...........................#
####.##....#######.#.#######
.....##....#######.#.#####


You could see Sigmund (confused), a friendly iron imp and a friendly crimson
imp.

Vanquished Creatures
  An adder (D:2)
  An ooze (D:2)
  2 dart slugs (D:1)
  2 leopard geckos
  2 ball pythons (D:1)
  4 hobgoblins
  3 jackals (D:1)
  7 kobolds
  6 bats
  4 frilled lizards
  6 goblins
  4 rats
42 creatures vanquished.

Vanquished Creatures (collateral kills)
  A rat (D:2)
1 creature vanquished.

Grand Total: 43 creatures vanquished

Notes
Turn   | Place    | Note
-------+----------+-------------------------------------------
     0 | D:1      | petercordia6 the Gnoll Wizard began the quest for the Orb.
     0 | D:1      | Reached XP level 1. HP: 13/13 MP: 8/8
   154 | D:1      | Reached XP level 2. HP: 19/19 MP: 6/10
   757 | D:1      | Reached XP level 3. HP: 25/25 MP: 8/11
   984 | D:1      | Learned a level 2 spell: Blink
   987 | D:1      | Learned a level 2 spell: Call Imp
   991 | D:1      | Learned a level 3 spell: Conjure Flame
   995 | D:1      | Learned a level 3 spell: Mephitic Cloud
  1004 | D:2      | Noticed Sigmund
  1068 | D:2      | Noticed Terence
  1279 | D:2      | Reached skill level 1 in Invocations
  1715 | D:2      | Reached skill level 1 in Fighting
  1715 | D:2      | Reached skill level 1 in Short Blades
  1715 | D:2      | Reached skill level 1 in Long Blades
  1715 | D:2      | Reached skill level 1 in Axes
  1715 | D:2      | Reached skill level 1 in Maces & Flails
  1715 | D:2      | Reached skill level 1 in Polearms
  1715 | D:2      | Reached skill level 1 in Staves
  1715 | D:2      | Reached skill level 1 in Slings
  1715 | D:2      | Reached skill level 1 in Bows
  1715 | D:2      | Reached skill level 1 in Crossbows
  1715 | D:2      | Reached skill level 1 in Throwing
  1715 | D:2      | Reached skill level 1 in Armour
  1715 | D:2      | Reached skill level 1 in Shields
  1715 | D:2      | Reached skill level 1 in Unarmed Combat
  1715 | D:2      | Reached skill level 1 in Evocations
  1719 | D:2      | Reached XP level 4. HP: 32/32 MP: 2/13
  1853 | D:2      | Slain by Sigmund

Levels and vault maps discovered:
D:1:      kennysheep_arrival_seaside, layout_loops_ring
D:2:      layout_basic, first_ration, uniq_sigmund, uniq_terence

Skill      XL: |  1  2  3 |
---------------+----------+-----
Conjurations   | 2 |  2.2
Summonings     | 2 |  2.2
Translocations | 2 |  2.2
Invocations    | 1 |  1.1
Fighting       | 1 |  1.0
Short Blades   | 1 |  1.0
Long Blades    | 1 |  1.0
Axes           | 1 |  1.0
Maces & Flails | 1 |  1.0
Polearms       | 1 |  1.0
Staves         | 1 |  1.0
Slings         | 1 |  1.0
Bows           | 1 |  1.0
Crossbows      | 1 |  1.0
Throwing       | 1 |  1.0
Armour         | 1 |  1.0
Shields        | 1 |  1.0
Unarmed Combat | 1 |  1.0
Evocations     | 1 |  1.0
Dodging        | |  4.6
Stealth        | |  4.2
Spellcasting   | |  7.2
Hexes          | |  0.7
Charms         | |  0.7
Necromancy     | |  0.7
Transmutations | |  0.7
Fire Magic     | |  0.7
Ice Magic      | |  0.7
Air Magic      | |  0.7
Earth Magic    | |  0.7
Poison Magic   | |  0.7

Action                   |  1- 3 |  4- 6 || total
-------------------------+-------+-------++-------
Melee: Dagger            |     1 |     6 ||     7
 Cast: Magic Dart        |    83 |     8 ||    91
       Conjure Flame     |     2 |       ||     2
       Mephitic Cloud    |     1 |     1 ||     2
       Call Imp          |       |     2 ||     2
       Blink             |       |     1 ||     1
  Eat: Chunk             |     2 |       ||     2
Armor: Robe              |     4 |     3 ||     7
Dodge: Dodged            |    13 |     4 ||    17

Table legend:
 A = Non-vault XP
 B = Vault XP
 C = Vault XP percentage of total XP
 D = Non-vault monster count
 E = Vault monster count
 F = Vault count percentage of total count
                 A         B        C        D         E       F
            +---------+---------+-------+---------+---------+-------
      Total |      89 |       0 |   0.0 |      43 |       0 |   0.0
            +---------+---------+-------+---------+---------+-------
        D:1 |      44 |       0 |   0.0 |      25 |       0 |   0.0
        D:2 |      45 |       0 |   0.0 |      18 |       0 |   0.0
            +---------+---------+-------+---------+---------+-------
